 Dungeon Crawl Stone Soup version 0.28-a0-265-g048bc9fd10 (webtiles) character file.

Game seed: 5795983935250686653

14135 theanonym the Basher (level 11, 0/92 HPs)
             Began as a Mummy Delver on Aug 27, 2021.
             Was an Initiate of Gozag.
             Slain by a seven-headed hydra (3 damage)
             ... on level 1 of the Lair of Beasts.
             The game lasted 00:16:51 (10525 turns).

theanonym the Basher (Mummy Delver)                Turns: 10525, Time: 00:16:51

Health: 0/92       AC: 22    Str: 18    XL:     11   Next: 84%
Magic:  11/11      EV:  4    Int: 11    God:    Gozag
Gold:   1038       SH: 10    Dex: 13    Spells: 10/10 levels left

rFire   x . .      SeeInvis .   a - +0 morningstar (spect)
rCold   + . .      Faith    .   d - +0 kite shield
rNeg    + + +      Spirit   .   b - +0 plate armour
rPois   ∞          Reflect  .   i - +2 helmet
rElec   .          Harm     .   o - +1 cloak {rCorr}
rCorr   +          Rampage  .   (no gloves)
Will    +....                   m - +2 pair of boots
Stlth   ..........              e - amulet of regeneration
HPRegen 1.25/turn               s - ring of flight
MPRegen 0.12/turn               l - +4 ring of protection

@: gold aura, flying
A: cold resistance 1, negative energy resistance 3, torment resistance 2, heat
vulnerability 1, no potions
a: Renounce Religion, Potion Petition, Call Merchant, Bribe Branch


Innate Abilities, Weirdness & Mutations

You are immune to poison.
Your flesh is cold resistant. (rC+)
You are immune to negative energy. (rN+++)
You are immune to unholy pain and torment.
You are vulnerable to heat. (rF-)
You do not drink.


   Skills:
 + Level 10.3 Fighting
 * Level 13.8 Maces & Flails
 - Level 1.5 Dodging
 - Level 4.1 Stealth
 + Level 7.5 Shields


You had 10 spell levels left.
You didn't know any spells.
Your spell library contained the following spells:

 Spells                   Type           Power      Damage    Failure   Level
 Pain                     Necr           0%         1d4       100%        1
 Shock                    Conj/Air       0%         1d3       100%        1
 Blink                    Tloc           N/A        N/A       100%        2
 Gell's Gravitas          Tloc           0%         N/A       100%        3
 Inner Flame              Hex/Fire       0%         N/A       100%        3
 Lesser Beckoning         Tloc           0%         N/A       100%        3
 Swiftness                Air            0%         N/A       100%        3
 Teleport Other           Tloc           0%         N/A       100%        3
 Airstrike                Air            0%         N/A       100%        4
 Cause Fear               Hex            0%         N/A       100%        4
 Summon Lightning Spire   Summ/Air       0%         N/A       100%        4
 Agony                    Necr           0%         N/A       100%        5
 Excruciating Wounds      Necr           0%         N/A       100%        5
 Lightning Bolt           Conj/Air       0%         1d11      100%        5
 Manifold Assault         Tloc           0%         N/A       100%        5
 Summon Forest            Summ/Tloc      0%         N/A       100%        5
 Summon Mana Viper        Hex/Summ       0%         N/A       100%        5
 Shadow Creatures         Summ           N/A        N/A       100%        6
 Discord                  Hex            0%         N/A       100%        8

Skill      XL: |  1  2  3  4  5  6  7  8  9 10 11 |
---------------+----------------------------------+-----
Maces & Flails | 2 3 4 5 7 9 11 12 13 | 13.8
Fighting       | 4 5 6 8 9 10 | 10.3
Shields        | 2 3 5 6 7 |  7.5
Dodging        | |  1.5
Stealth        | |  4.1

Action                   |  1- 3 |  4- 6 |  7- 9 | 10-12 || total
-------------------------+-------+-------+-------+-------++-------
Melee: Morningstar       |   110 |   170 |   331 |   236 ||   847
       Mace              |     1 |       |       |       ||     1
Invok: Potion Petition   |       |       |       |     1 ||     1
Evoke: Wand              |       |     4 |    10 |    23 ||    37
  Use: Scroll            |     1 |     6 |     6 |       ||    13
 Stab: Sleeping          |     3 |       |       |       ||     3
       Distracted        |       |       |     1 |     3 ||     4
       Paralysed         |       |       |     1 |       ||     1
       Invisible         |       |       |       |     2 ||     2
Armor: Leather armour    |    14 |       |       |       ||    14
       Chain mail        |    41 |   131 |    80 |       ||   252
       Plate armour      |       |       |   193 |   237 ||   430
Dodge: Dodged            |    62 |    82 |    70 |    38 ||   252
Block: Kite shield       |       |    19 |   160 |   135 ||   314

Inventory:

Hand Weapons
 a - a +0 spectral morningstar (weapon)
Armour
 b - a +0 plate armour (worn)
 d - a +0 kite shield (worn)
 i - a +2 helmet (worn)
 m - a +2 pair of boots (worn)
 o - a +1 cloak of preservation (worn)
Jewellery
 e - an amulet of regeneration (around neck)
 l - a +4 ring of protection (right hand)
 p - a ring of magical power
 s - a ring of flight (left hand)
Wands
 c - a wand of digging (3)
 g - a wand of polymorph (9)
 h - a wand of iceblast (8)
Scrolls
 f - 5 scrolls of fog
 j - 3 scrolls of noise
 k - a scroll of immolation
 n - a scroll of vulnerability {unknown}
 r - 7 scrolls of identify
 t - 3 scrolls of teleportation
 y - 3 scrolls of magic mapping
 B - 2 scrolls of blinking


You were on level 1 of the Lair of Beasts.
You worshipped Gozag.
Gozag was most pleased with you.
You visited 3 branches of the dungeon, and saw 13 of its levels.

You collected 1783 gold pieces.
You paid 745 gold pieces to Gozag.

Dungeon Overview and Level Annotations

Branches:
Dungeon (11/15)            Temple (1/1) D:6            Lair (1/6) D:11
    Orc: D:9-12

Altars:
Ashenzari
Cheibriados
Dithmenos
Elyvilon
Fedhas
Gozag
Hepliaklqana
Kikubaaqudgha
Makhleb
Nemelex Xobeh
Okawaru
Qazlal
Ru
Sif Muna
Trog
Uskayaw
Vehumet
Wu Jian
Xom
Yredelemnul
Zin
The Shining One

Shops:
D:6 *

Portals:
Trove: D:11 (give +4 storm dragon scales)

Annotations:
D:9 3 runed translucent doors, exclusion: oklob plant, ma3's ghost, novice FeTm
D:10 2 transporters, Meriados's ghost, journeyman DjFE

### ##.##
##...####
##.....#@# ....
####...#..D###
....
#.#...###....#
..... ##...##
##...## #.D...
##...## ##...##
#.....# ##...##
#P...## .l....#
# ##...##
##...l####.....#
###...##
###..)##.....##
##...##
##..D....)..#


You could see a seven-headed hydra.

Notes
Turn   | Place    | Note
-------+----------+-------------------------------------------
     0 | D:5      | theanonym the Mummy Delver began the quest for the Orb.
     0 | D:5      | Reached XP level 1. HP: 18/18 MP: 1/1
    57 | D:5      | Noticed a howler monkey
   230 | D:5      | Noticed a killer bee
   293 | D:3      | HP: 9/18 [worm (4)]
   568 | D:3      | Reached skill level 2 in Maces & Flails
   568 | D:3      | Reached XP level 2. HP: 24/24 MP: 2/2
   774 | D:2      | HP: 5/24 [worm (9)]
  1078 | D:1      | Reached XP level 3. HP: 28/29 MP: 3/3
  2095 | D:2      | Noticed Natasha
  2596 | D:2      | Killed Natasha
  2597 | D:2      | Reached skill level 3 in Maces & Flails
  2597 | D:2      | Reached XP level 4. HP: 20/37 MP: 4/4
  2638 | D:2      | Noticed Natasha
  2752 | D:2      | Killed Natasha
  2906 | D:2      | Noticed Natasha
  2915 | D:2      | Killed Natasha
  2916 | D:2      | Reached skill level 4 in Fighting
  3197 | D:3      | Found a shadowy altar of Dithmenos.
  3314 | D:3      | Reached XP level 5. HP: 42/42 MP: 5/5
  3417 | D:3      | Noticed a necrophage
  3448 | D:3      | Killed a necrophage
  3449 | D:3      | Reached skill level 4 in Maces & Flails
  3895 | D:4      | Reached XP level 6. HP: 36/49 MP: 6/6
  4031 | D:4      | Reached skill level 5 in Fighting
  4031 | D:4      | Reached skill level 5 in Maces & Flails
  4429 | D:5      | Identified a scroll of acquirement
  4429 | D:5      | Acquired a manual of Maces & Flails
  4446 | D:5      | Found a radiant altar of Vehumet.
  4494 | D:5      | Noticed an ice beast
  4499 | D:5      | HP: 24/51 [killer bee (8)]
  4514 | D:5      | HP: 25/51 [killer bee (8)]
  4539 | D:4      | HP: 25/51 [killer bee (7)]
  4543 | D:4      | Reached XP level 7. HP: 22/56 MP: 7/7
  4577 | D:4      | HP: 26/56 [killer bee (5)]
  4582 | D:4      | HP: 26/56 [killer bee (8)]
  4588 | D:4      | HP: 19/56 [killer bee (7)]
  4593 | D:4      | HP: 17/56 [killer bee (4)]
  4598 | D:4      | Reached skill level 1 in Shields
  4645 | D:5      | Reached skill level 6 in Maces & Flails
  4770 | D:5      | HP: 28/56 [killer bee (6)]
  4913 | D:5      | Found a burning altar of Makhleb.
  4919 | D:5      | Reached skill level 7 in Maces & Flails
  4919 | D:5      | Reached skill level 2 in Shields
  5096 | D:5      | Reached XP level 8. HP: 64/64 MP: 8/8
  5161 | D:5      | Reached skill level 6 in Fighting
  5289 | D:6      | Found a staircase to the Ecumenical Temple.
  5295 | Temple   | Entered the Ecumenical Temple
  5398 | Temple   | Became a worshipper of Gozag Ym Sagoz the Greedy
  5548 | D:6      | Reached skill level 8 in Maces & Flails
  5550 | D:6      | Found a shimmering altar of Xom.
  5688 | D:6      | Found a stormy altar of Qazlal.
  5741 | D:6      | Reached skill level 3 in Shields
  5751 | D:6      | Found Jucuogho's Elemental Accessories.
  6261 | D:7      | Reached skill level 9 in Maces & Flails
  6306 | D:7      | HP: 25/65 [orc priest/divine providence (9)]
  6403 | D:7      | Reached XP level 9. HP: 65/71 MP: 9/9
  6579 | D:7      | Reached skill level 7 in Fighting
  6624 | D:7      | Found an ornate altar of the Wu Jian Council.
  6742 | D:7      | Found a snail-covered altar of Cheibriados.
  6761 | D:7      | HP: 27/72 [orc priest/divine providence (12)]
  6912 | D:8      | Noticed Joseph
  6916 | D:8      | HP: 27/72 [Joseph/sling bullet (12)]
  6922 | D:8      | HP: 26/72 [centaur/arrow (4)]
  6923 | D:8      | HP: 10/72 [Joseph/sling bullet (17)]
  7030 | D:8      | Reached skill level 10 in Maces & Flails
  7030 | D:8      | Reached skill level 4 in Shields
  7051 | D:8      | Killed Joseph
  7068 | D:8      | Noticed Psyche
  7289 | D:8      | Killed Psyche
  7290 | D:8      | Reached skill level 11 in Maces & Flails
  7365 | D:8      | Noticed Maurice
  7370 | D:8      | Killed Maurice
  7371 | D:8      | Reached skill level 8 in Fighting
  7443 | D:8      | Reached skill level 5 in Shields
  7563 | D:9      | Reached XP level 10. HP: 57/80 MP: 10/10
  7594 | D:9      | Found a runed translucent gate.
  7594 | D:9      | Found a runed translucent gate.
  7594 | D:9      | Found a runed translucent gate.
  7594 | D:9      | Noticed ma3's ghost (novice FeTm)
  7673 | D:9      | Reached skill level 12 in Maces & Flails
  7883 | D:9      | Found a sparkling altar of Nemelex Xobeh.
  7913 | D:9      | Noticed a five-headed hydra
  7919 | D:9      | Killed a five-headed hydra
  7957 | D:9      | Found a blossoming altar of Fedhas.
  7972 | D:9      | Noticed an oklob plant
  8138 | D:10     | Entered Level 10 of the Dungeon
  8212 | D:10     | Found an iron altar of Okawaru.
  8396 | D:10     | Reached skill level 9 in Fighting
  8435 | D:10     | Noticed Meriados's ghost (journeyman DjFE)
  8481 | D:10     | Found a transporter.
  8498 | D:10     | Found a transporter.
  8680 | D:10     | Reached skill level 6 in Shields
  8999 | D:11     | Noticed a boulder beetle
  9001 | D:11     | Noticed a boulder beetle
  9004 | D:11     | Reached XP level 11. HP: 89/89 MP: 11/11
  9011 | D:11     | Noticed a two-headed ogre
  9082 | D:11     | Noticed a two-headed ogre
  9083 | D:11     | a two-headed ogre changed into a water nymph
  9206 | D:11     | Noticed an oklob plant
  9232 | D:11     | HP: 43/89 [two-headed ogre (19)]
  9235 | D:10     | Killed a two-headed ogre
  9236 | D:10     | Reached skill level 13 in Maces & Flails
  9276 | D:11     | HP: 41/89 [boulder beetle (36)]
  9281 | D:10     | HP: 40/89 [boulder beetle (7)]
  9286 | D:10     | Killed a boulder beetle
  9373 | D:10     | Killed a boulder beetle
  9519 | D:11     | Found a portal to a secret trove of treasure.
  9654 | D:11     | Found a staircase to the Lair.
  9839 | D:11     | Killed an oklob plant
  9840 | D:11     | Reached skill level 7 in Shields
  9857 | Lair:1   | Entered Level 1 of the Lair of Beasts
  9993 | Lair:1   | Noticed an eight-headed hydra
 10022 | Lair:1   | Killed an eight-headed hydra
 10023 | Lair:1   | Reached skill level 10 in Fighting
 10041 | Lair:1   | Noticed a five-headed hydra
 10053 | Lair:1   | Killed a five-headed hydra
 10492 | Lair:1   | Noticed a seven-headed hydra
 10518 | Lair:1   | HP: 43/92 [seven-headed hydra (8)]
 10523 | Lair:1   | HP: 24/92 [seven-headed hydra (9)]
 10525 | Lair:1   | HP: 3/92 [seven-headed hydra (11)]
 10525 | Lair:1   | Slain by a seven-headed hydra

Vanquished Creatures
  2 boulder beetles (D:10)
  A two-headed ogre (D:10)
  3 hydras
  An oklob plant (D:11)
  2 elephants (Lair:1)
  A water nymph (D:11)
  Maurice (D:8)
  Joseph (D:8)
  Psyche (D:8)
  An unseen horror (D:10)
  A cane toad (Lair:1)
  2 komodo dragons (Lair:1)
  3 trolls
  A hornet (D:10)
  A raiju (shapeshifter) (D:9)
  A shadow (D:9)
  A vampire (D:9)
  A wyvern (Lair:1)
  3 yaks (D:9)
  3 vampire mosquitoes (D:10)
  An acid dragon (D:11)
  A water moccasin (D:6)
  6 orc warriors
  A sky beast (D:5)
  An ice beast (D:5)
  2 necrophages
  An ogre (D:4)
  4 centaurs
  A kobold brigand (D:6)
  2 bullfrogs (D:8)
  2 scorpions (D:4)
  2 wyvern zombies (D:7)
  6 killer bees
  A water moccasin skeleton (D:6)
  8 wights
  3 howler monkeys (D:11)
  A crimson imp (D:5)
  A bullfrog zombie (D:5)
  2 hounds
  2 jellies
  2 bullfrog skeletons (D:6)
  6 centaur zombies
  7 orc priests
  An iguana (D:5)
  Natasha (thrice) (D:2)
  7 orc wizards
  A killer bee zombie (D:7)
  2 howler monkey zombies
  3 gnolls (D:7)
  5 adders
  A river rat (D:7)
  An ufetubus (D:5)
  An adder skeleton (D:4)
  3 worms
  3 dart slugs
  37 orcs
  2 ball pythons
  9 endoplasms
  2 giant cockroaches
  3 goblins
  5 hobgoblins
  2 jackals (D:4)
  5 bats
  3 frilled lizards
  8 kobolds
  A rat (D:3)
202 creatures vanquished.

Vanquished Creatures (others)
  2 fungi (Lair:1)
  15 plants
17 creatures vanquished.

Grand Total: 219 creatures vanquished

Table legend: (Time is in decaauts)
 A = Elapsed time spent in this place.
 B = Non-inter-level travel time spent in this place.
 C = Inter-level travel time spent in this place.
 D = Time resting spent in this place.
 E = Time spent auto-exploring this place.
 F = Levels seen in this place.
 G = Mean time per level.
                   A        B        C        D        E       F      G
               +--------+--------+--------+--------+--------+-----+--------+
         Total |  10739 |  10217 |    522 |   1735 |   6396 |  13 |  826.1 |
       Dungeon |   9943 |   9478 |    465 |   1600 |   5897 |  11 |  903.9 |
        Temple |    128 |     72 |     56 |      0 |     71 |   1 |  128.0 |
          Lair |    666 |    666 |      0 |    134 |    428 |   1 |  666.0 |
               +--------+--------+--------+--------+--------+-----+--------+

Top non-repeatable levels by time:
     D:2: 1507 daAuts
     D:3: 1128 daAuts
     D:5: 1066 daAuts
     D:1: 982 daAuts
    D:10: 926 daAuts
     D:6: 834 daAuts
     D:7: 808 daAuts
    D:11: 784 daAuts
     D:4: 736 daAuts
  Lair:1: 666 daAuts
     D:9: 630 daAuts
     D:8: 537 daAuts
  Temple: 128 daAuts
